 Dungeon Crawl Stone Soup version 0.27.0-1-g7a089689b8 (webtiles) character file.

Game seed: 11800052580339823634

212 Sin92 the Skirmisher (level 5, -3/41 HPs)
             Began as a Demonspawn Fighter on Aug 11, 2021.
             Killed from afar by Natasha (8 damage)
             ... with a puff of flame
             ... on level 3 of the Dungeon.
             The game lasted 00:03:24 (4480 turns).

Sin92 the Skirmisher (Demonspawn Fighter)           Turns: 4480, Time: 00:03:25

Health: -3/41      AC:  8    Str: 16    XL:     5   Next: 58%
Magic:  5/5        EV:  7    Int: 10    God:
Gold:   102        SH:  9    Dex: 13    Spells: 4/4 levels left

rFire    . . .     SeeInvis .   a - +0 war axe
rCold    . . .     Faith    .   c - +0 kite shield
rNeg     . . .     Spirit   .   b - +0 scale mail
rPois    .         Reflect  .   (helmet restricted)
rElec    .         Harm     .   (no cloak)
rCorr    .         Rampage  .   (no gloves)
Will     .....                  (no boots)
Stlth    ..........             (no amulet)
HPRegen  0.13/turn              (no ring)
MPRegen  0.09/turn              (no ring)

@: no status effects
A: antennae 1, icy blue scales 1, foul stench 1, spiny 1
a: no special abilities


You were on level 3 of the Dungeon.
You visited 1 branch of the dungeon, and saw 3 of its levels.

You collected 102 gold pieces.

Inventory:

Hand Weapons
 a - a +0 war axe (weapon)
Missiles
 m - a throwing net (quivered)
Armour
 b - a +0 scale mail (worn)
 c - a +0 kite shield (worn)
Jewellery
 k - an amulet of faith
Wands
 d - a wand of charming (1)
Scrolls
 f - a scroll of brand weapon {unknown}
 g - a scroll of identify {unknown}
 i - a scroll of enchant armour {unknown}
Potions
 j - a potion of heal wounds {unknown}
 l - a potion of mutation {unknown}


   Skills:
 + Level 3.5 Fighting
 * Level 3.2(3.5) Axes
 + Level 1.7(2.7) Polearms
 + Level 3.3 Armour
 + Level 1.5 Dodging
 + Level 3.2 Shields


You had 4 spell levels left.
You didn't know any spells.
Your spell library was empty.

Dungeon Overview and Level Annotations

Branches:
Dungeon (3/15)

Altars:
Elyvilon

Annotations:
D:3 Natasha, Sigmund


Innate Abilities, Weirdness & Mutations

You have a pair of small antennae on your head.
You are partially covered in icy blue scales. (AC +2)
You may rarely emit foul miasma when damaged in melee.
You are partially covered in sharp spines.


Message History

The orc barely misses you.
Found 25 bolts.
You closely miss the orc. You hit the orc but do no damage.
You block the orc's attack. x2; The orc hits you but does no damage.
Natasha stares at you and mumbles some strange words.
You resist with some effort. The orc hits you but does no damage.
You block the orc's attack.
You barely miss Natasha.
You hit the orc. x3; You block Natasha's attack.
The orc hits you but does no damage. x2; The orc hits you with a +0 war axe.
You emit a cloud of foul miasma!
Something hits you but does no damage. The orc is struck by your spines.
You kill the orc!
You closely miss the orc.
The orc is severely wounded.
You barely miss the orc. You slash Natasha!
The orc hits you but does no damage.
Natasha mumbles some strange words.
Natasha's front paws start to glow.
Natasha claws you but does no damage.
The orc is engulfed in dark miasma.
The orc is poisoned.
You kill the orc!
Something hits you.
The shadow imp grinds its teeth.
The orc hits you but does no damage.
Natasha zaps a wand.
The puff of flame hits you! The orc hits you but does no damage.
The orc is struck by your spines. The orc hits you but does no damage.
Something hits you! The shadow imp barely misses you.
Unknown command.
You slash the orc!
You kill the orc!
You closely miss the shadow imp. You hit Natasha.
Your shield and scale mail prevent you from hitting the orc.
Natasha zaps a wand.
The puff of flame hits you.
* * * LOW HITPOINT WARNING * * *
You block the orc's attack. x2; Something hits you.
* * * LOW HITPOINT WARNING * * *
The shadow imp is struck by your spines.
The shadow imp barely misses you.
Natasha zaps a wand.
The puff of flame hits you!
You die...

#.# ##.# #.#
....(.....#
#.## #.#
#.........#
#..# #.#
#.........#
##.# #>#
#.........#
#.#### #.#
.........#
#.#... #.#
#..{.o..#
#...## #.#
#.°)h...#
##..## #.#
#.5@o...#
#..## #.#
###)#####
##.## #.#{
#.# #..# #.#
#.# #..#
#.########.#
#...
#...#......#
#.#.
###.#.######
#.#. #...#
#.## #####
#.##


You could see Natasha, a shadow imp (summoned) and 2 orcs.

Vanquished Creatures
  An ogre (D:3)
  Ijyb (D:3)
  2 adders
  4 worms (D:2)
  A dart slug (D:1)
  3 orcs (D:3)
  10 endoplasms
  4 giant cockroaches
  4 goblins
  12 hobgoblins
  2 kobolds
  A quokka (D:2)
  3 ball pythons
  8 bats
  2 frilled lizards (D:1)
  4 rats
62 creatures vanquished.

Vanquished Creatures (others)
  6 plants (D:2)
6 creatures vanquished.

Grand Total: 68 creatures vanquished

Notes
Turn   | Place    | Note
-------+----------+-------------------------------------------
     0 | D:1      | Sin92 the Demonspawn Fighter began the quest for the Orb.
     0 | D:1      | Reached XP level 1. HP: 18/18 MP: 1/1
   537 | D:1      | Gained mutation: You are partially covered in icy blue
                  | scales. (AC +2) [demonic ancestry]
   537 | D:1      | Reached XP level 2. HP: 14/24 MP: 2/2
  1346 | D:1      | Gained mutation: You may rarely emit foul miasma when
                  | damaged in melee. [demonic ancestry]
  1346 | D:1      | Reached XP level 3. HP: 29/29 MP: 3/3
  1450 | D:1      | Found a faded altar of an unknown god.
  1810 | D:2      | Reached skill level 1 in Polearms
  2235 | D:2      | Reached skill level 1 in Dodging
  2318 | D:2      | Gained mutation: You are partially covered in sharp spines.
                  | [demonic ancestry]
  2318 | D:2      | Reached XP level 4. HP: 30/35 MP: 4/4
  2949 | D:3      | Noticed an ogre
  3226 | D:3      | Killed an ogre
  3227 | D:3      | Gained mutation: You have a pair of small antennae on your
                  | head. [demonic ancestry]
  3227 | D:3      | Reached XP level 5. HP: 15/41 MP: 5/5
  3466 | D:3      | Noticed Ijyb
  3490 | D:3      | Killed Ijyb
  4012 | D:3      | Noticed Sigmund
  4473 | D:3      | Noticed Natasha
  4480 | D:3      | Killed from afar by Natasha

Illustrated notes

Levels and vault maps discovered:
D:1:      lightli_arrival_statuegarden, layout_basic,
          chequers_ecumenical_altar_simple, chequers_serial_rivers_micro_e
D:2:      layout_basic, minmay_crystal_water, serial_bayou_lagoon_b
D:3:      layout_basic, general_overflow_altar, uniq_natasha, uniq_sigmund,
          uniq_ijyb

Skill      XL: |  1  2  3  4 |
---------------+-------------+-----
Axes           | 2 3 |  3.2
Polearms       | 1 |  1.7
Armour         | 3 |  3.3
Dodging        | 1 |  1.5
Shields        | 3 |  3.2
Fighting       | |  3.5

Action                   |  1- 3 |  4- 6 || total
-------------------------+-------+-------++-------
Melee: War axe           |   132 |    59 ||   191
  Use: Scroll            |       |     2 ||     2
       Potion            |       |     2 ||     2
Armor: Scale mail        |    64 |    28 ||    92
Dodge: Dodged            |    45 |    16 ||    61
Block: Kite shield       |    64 |    28 ||    92
